AoeStats
← CLB_Senafok

MegaRandom

509297353Analyzed
2v2 RM · 8d ago on Sep 26, 2026· 57m 33s· 4 players
Game mode
Random Map
Map size
Medium (4 player)
Population
200
Speed
Normal
Resources
Standard
Victory
Conquest
Starting age
Dark Age
Ending age
Imperial Age
RankedLock teamsTeams togetherTeam positionsShared explorationLock speedFull tech treeHidden civsTurbo modeCheats
Victory
Defeat
🇨🇴 Slavs · Colombia
1331
+10
🇨🇴 Ethiopians · Colombia
1299
+13
🇦🇷 Magyars · Argentina
1216
-12
🇧🇷 Khmer · Brazil
1191
-11
76561199637712823
5:08 Loom
9:27 Feudal Age
11:53 Forging
12:13 Horse Collar
17:17 Fletching
21:31 Castle Age
21:12 Bloodlines
21:21 Scale Barding Armor
21:56 Gold Mining
22:36 Chain Barding Armor
29:07 Double-Bit Axe
30:03 Wheelbarrow
30:40 Stone Mining
34:40 Ballistics
41:24 Imperial Age
40:00 Husbandry
42:26 Tusk Swords
43:06 Iron Casting
46:52 Plate Barding Armor
48:01 Blast Furnace
50:19 Conscription
50:46 Cavalier
50:53 Elite Battle Elephant
MAX POWER
10:17 Feudal Age
11:14 Loom
15:14 Castle Age
15:09 Scale Barding Armor
16:25 Double-Bit Axe
20:24 Chain Barding Armor
24:26 Wheelbarrow
24:28 Bloodlines
24:19 Husbandry
26:40 Husbandry
32:46 Imperial Age
31:22 Fletching
32:10 Bodkin Arrow
32:34 Horse Collar
33:17 Ballistics
32:50 Crossbowman
33:54 Thumb Ring
36:57 Bracer
37:42 Padded Archer Armor
37:14 Arbalester
39:16 Leather Archer Armor
40:52 Ring Archer Armor
41:37 Chemistry
42:43 Plate Barding Armor
42:44 Siege Engineers
43:41 Plate Barding Armor
44:01 Hand Cart
43:32 Town Watch
44:42 Conscription
46:03 Gold Mining
46:03 Stone Mining
46:24 Bow Saw
46:26 Masonry
46:46 Elite Magyar Huszar
47:59 Capped Ram
49:31 Gold Shaft Mining
50:04 Onager
CesarDrummer
7:39 Loom
10:37 Feudal Age
11:22 Double-Bit Axe
13:38 Horse Collar
14:13 Fletching
19:33 Castle Age
18:45 Gold Mining
19:40 Wheelbarrow
19:41 Crossbowman
20:17 Bodkin Arrow
20:56 Bow Saw
23:26 Forging
23:55 Town Watch
28:22 Ballistics
30:07 Heavy Plow
31:21 Squires
32:58 Scale Mail Armor
34:20 Gold Shaft Mining
35:36 Murder Holes
37:13 Padded Archer Armor
41:58 Imperial Age
40:25 Leather Archer Armor
41:22 Thumb Ring
42:05 Arbalester
43:59 Chemistry
43:40 Bracer
45:56 Conscription
45:38 Stone Mining
48:59 Ring Archer Armor
48:45 Elite Skirmisher
49:47 Hand Cart
49:44 Masonry
49:44 Siege Engineers
53:49 Architecture
54:26 Capped Ram
CLB_Senafok
6:43 Loom
10:24 Feudal Age
14:42 Castle Age
12:57 Double-Bit Axe
13:42 Stone Mining
25:44 Horse Collar
28:37 Town Watch
30:18 Wheelbarrow
30:07 Scale Barding Armor
31:17 Detinets
32:13 Chain Barding Armor
41:41 Imperial Age
41:44 Heavy Scorpion
42:03 Elite Boyar
46:27 Conscription
48:18 Heavy Plow
50:07 Crop Rotation
50:14 Plate Barding Armor
49:50 Forging
49:55 Druzhina
51:53 Ballistics
52:33 Chemistry
56:28 Iron Casting
Connection lost

Rejoining the realm…

Still unreachable

The connection could not be restored.

Session expired

The server has moved on; the page needs a fresh start.